| TOP OF THE 1ST |
|
Pennsylvania State University Nittany Lions batting - Pitching for Oklahoma State University Cowboys : RHP Katsunari Hayase
|
|
Pitching: RHP Katsunari Hayase
|
|
|
Batting: RHB Ben Burkholder
|
0-0: Called Strike 0-1: Ball 1-1: Foul Ball, location: 2F 1-2: Ball 2-2: Ball 3-2: Ground out 6-3 (Groundball, 6, EV 82.5 MPH)
|
|
Batting: RHB Eric Wiss
|
0-0: Called Strike 0-1: Fly out, F7 (Line Drive, 7, EV 99.4 MPH)
|
|
Batting: RHB Julian Gregory
|
0-0: Ball 1-0: Swinging Strike 1-1: Called Strike 1-2: Ground out 4-3 (Groundball, 4, EV 103.1 MPH)
|
| Top of the 1st over - 0 runs, 0 hits, 0 errors, 0 left on base; Pennsylvania State University 0 - Oklahoma State University 0 |
| BOTTOM OF THE 1ST |
|
Oklahoma State University Cowboys batting - Pitching for Pennsylvania State University Nittany Lions : RHP Ivan Bonilla
|
|
Pitching: RHP Ivan Bonilla
|
|
|
Batting: RHB Josh Hopp
|
0-0: Called Strike 0-1: Foul Ball, location: 2F 0-2: Ball 1-2: DOUBLE (Groundball, 5L, EV 99.4 MPH)
|
|
Batting: LHB Orlando Rivera
|
0-0: Called Strike 0-1: Foul Ball, location: 2F 0-2: Fly out, F8 (Flyball, 8LS, EV 95.6 MPH)
|
|
Batting: LHB John Fortin
|
0-0: Ball Josh Hopp steals 3rd base 1-0: Ball 2-0: Ball 3-0: Called Strike 3-1: Fly out, F9 (Flyball, 9, EV 91.3 MPH) Runner from 3rd tags up, SCORES, throw by RF
|
|
Batting: RHB Kinzo Yokoyama
|
0-0: Called Strike 0-1: Fly out, F8 (Flyball, 78M, EV 94.4 MPH)
|
| Bottom of the 1st over - 1 run, 1 hit, 0 errors, 0 left on base; Pennsylvania State University 0 - Oklahoma State University 1 |
| TOP OF THE 2ND |
|
Pennsylvania State University Nittany Lions batting - Pitching for Oklahoma State University Cowboys : RHP Katsunari Hayase
|
|
Batting: LHB Tyler Francis
|
0-0: Foul Ball, location: 2F 0-1: Foul Ball, location: 2F 0-2: Foul Ball, location: 2F 0-2: Ball 1-2: Foul Ball, location: 2F 1-2: Ground out U3 (Groundball, 3S, EV 83.8 MPH)
|
|
Batting: RHB Brian Rogers
|
0-0: Ball 1-0: Fly out, F8 (Flyball, 8RD, EV 98.1 MPH)
|
|
Batting: RHB Tim Long
|
0-0: Called Strike 0-1: SINGLE (Line Drive, 8LM, EV 88.1 MPH)
|
|
Batting: LHB Angel Oropeza
|
0-0: Called Strike 0-1: Swinging Strike 0-2: Foul Ball, location: 2F 0-2: Foul Ball, location: 2F 0-2: Ball 1-2: Ball 2-2: Strikes out swinging
|
| Top of the 2nd over - 0 runs, 1 hit, 0 errors, 1 left on base; Pennsylvania State University 0 - Oklahoma State University 1 |
| BOTTOM OF THE 2ND |
|
Oklahoma State University Cowboys batting - Pitching for Pennsylvania State University Nittany Lions : RHP Ivan Bonilla
|
|
Batting: LHB Ian Cranton
|
0-0: Foul Ball, location: 2F 0-1: Ball 1-1: Called Strike 1-2: Ball 2-2: Foul Ball, location: 2F 2-2: Foul Ball, location: 2F 2-2: Fly out, F9 (Flyball, 89D, EV 90.6 MPH)
|
|
Batting: SHB Chris Wagler
|
0-0: Ball 1-0: Ground out U3 (Groundball, 34, EV 82.5 MPH)
|
|
Batting: RHB Larry Clark
|
0-0: Ground out 5-3 (Groundball, 56, EV 89.4 MPH)
|
| Bottom of the 2nd over - 0 runs, 0 hits, 0 errors, 0 left on base; Pennsylvania State University 0 - Oklahoma State University 1 |
| TOP OF THE 3RD |
|
Pennsylvania State University Nittany Lions batting - Pitching for Oklahoma State University Cowboys : RHP Katsunari Hayase
|
|
Batting: RHB Ethan Finke
|
0-0: Ball 1-0: Fly out, F8 (Flyball, 8LS, EV 91.9 MPH)
|
|
Batting: RHB Luke Vaccarino
|
0-0: Foul Ball, location: 2F 0-1: Foul Ball, location: 2F 0-2: Fly out, F8 (Flyball, 8LS, EV 86.9 MPH)
|
|
Batting: RHB Ben Burkholder
|
0-0: Ball 1-0: SINGLE (Line Drive, 6MD, EV 100.6 MPH)
|
|
Batting: RHB Eric Wiss
|
0-0: Called Strike 0-1: SINGLE (Line Drive, 78S, EV 108.8 MPH) Ben Burkholder to second
|
|
Batting: RHB Julian Gregory
|
0-0: Foul Ball, location: 2F 0-1: Ball 1-1: Ball 2-1: Ball 3-1: Base on Balls Ben Burkholder to third Eric Wiss to second
|
|
Batting: LHB Tyler Francis
|
0-0: Ball 1-0: Ball Wild Pitch! Ben Burkholder scores Eric Wiss to third Julian Gregory to second 2-0: Fly out, F4 (Line Drive, 4, EV 71.3 MPH)
|
| Top of the 3rd over - 1 run, 2 hits, 0 errors, 2 left on base; Pennsylvania State University 1 - Oklahoma State University 1 |
| BOTTOM OF THE 3RD |
|
Oklahoma State University Cowboys batting - Pitching for Pennsylvania State University Nittany Lions : RHP Ivan Bonilla
|
|
Batting: SHB Tyler Maddux
|
0-0: Ball 1-0: Foul Ball, location: 2F 1-1: Called Strike 1-2: SINGLE (Line Drive, 8RS, EV 104.4 MPH)
|
|
Batting: SHB Greg Shaw
|
0-0: Fly out, F9 (Line Drive, 9, EV 102.5 MPH)
|
|
Batting: RHB Josh Hopp
|
0-0: Ball 1-0: Fielders Choice at 2nd, 2-4 (Groundball, 2L, EV 71.9 MPH)
|
|
Batting: LHB Orlando Rivera
|
0-0: Ball 1-0: Ball 2-0: Ground out U3 (Groundball, 3, EV 90.6 MPH)
|
| Bottom of the 3rd over - 0 runs, 1 hit, 0 errors, 1 left on base; Pennsylvania State University 1 - Oklahoma State University 1 |
| TOP OF THE 4TH |
|
Pennsylvania State University Nittany Lions batting - Pitching for Oklahoma State University Cowboys : RHP Katsunari Hayase
|
|
Batting: RHB Brian Rogers
|
0-0: Foul Ball, location: 2F 0-1: Ball 1-1: Ball 2-1: Foul Ball, location: 2F 2-2: Ball 3-2: Ground out 5-3 (Groundball, 5S, EV 77.5 MPH)
|
|
Batting: RHB Tim Long
|
0-0: Ball 1-0: Ball 2-0: Foul Ball, location: 2F 2-1: Ball 3-1: SINGLE (Groundball, 4MD, EV 100.6 MPH)
|
|
Batting: LHB Angel Oropeza
|
0-0: Called Strike 0-1: Fly out, F6 (Popup, 4S, EV 85.6 MPH)
|
|
Batting: RHB Ethan Finke
|
0-0: Called Strike 0-1: Ball 1-1: Foul Ball, location: 2F 1-2: Foul Ball, location: 2F 1-2: Ground out 4-3 (Groundball, 4, EV 95.0 MPH)
|
| Top of the 4th over - 0 runs, 1 hit, 0 errors, 1 left on base; Pennsylvania State University 1 - Oklahoma State University 1 |
| BOTTOM OF THE 4TH |
|
Oklahoma State University Cowboys batting - Pitching for Pennsylvania State University Nittany Lions : RHP Ivan Bonilla
|
|
Batting: LHB John Fortin
|
0-0: Called Strike 0-1: Called Strike 0-2: Ball 1-2: Foul Ball, location: 2F 1-2: Ball 2-2: Foul Ball, location: 2F 2-2: Ball 3-2: DOUBLE (Flyball, 8RD, EV 99.4 MPH)
|
|
Batting: RHB Kinzo Yokoyama
|
0-0: Called Strike 0-1: Ball 1-1: Ball 2-1: Foul Ball, location: 2F 2-2: Strikes out swinging
|
|
Batting: LHB Ian Cranton
|
0-0: Ball 1-0: Ball 2-0: DOUBLE (Flyball, 8RXD, EV 109.4 MPH) John Fortin scores
|
|
Batting: SHB Chris Wagler
|
0-0: Ball 1-0: Foul Ball, location: 2F 1-1: Fly out, F6 (Popup, 6S, EV 82.5 MPH)
|
|
Batting: RHB Larry Clark
|
0-0: Swinging Strike 0-1: Fly out, F8 (Line Drive, 8RM, EV 96.3 MPH)
|
| Bottom of the 4th over - 1 run, 2 hits, 0 errors, 1 left on base; Pennsylvania State University 1 - Oklahoma State University 2 |
| TOP OF THE 5TH |
|
Pennsylvania State University Nittany Lions batting - Pitching for Oklahoma State University Cowboys : RHP Katsunari Hayase
|
|
Batting: RHB Luke Vaccarino
|
0-0: Ground out 5-3 (Groundball, 56S, EV 61.3 MPH)
|
|
Batting: RHB Ben Burkholder
|
0-0: Fly out, F3 (Popup, 34, EV 64.4 MPH)
|
|
Batting: RHB Eric Wiss
|
0-0: Ball 1-0: DOUBLE (Line Drive, 9LM, EV 98.1 MPH)
|
|
Batting: RHB Julian Gregory
|
0-0: Called Strike 0-1: Fly out, F8 (Line Drive, 8LD, EV 96.3 MPH)
|
| Top of the 5th over - 0 runs, 1 hit, 0 errors, 1 left on base; Pennsylvania State University 1 - Oklahoma State University 2 |
| BOTTOM OF THE 5TH |
|
Oklahoma State University Cowboys batting - Pitching for Pennsylvania State University Nittany Lions : RHP Ivan Bonilla
|
|
Batting: SHB Tyler Maddux
|
0-0: Ball 1-0: Ball 2-0: Foul Ball, location: 2F 2-1: Called Strike 2-2: Ground out 5-3 (Groundball, 56S, EV 94.4 MPH)
|
|
Batting: SHB Greg Shaw
|
0-0: Ball 1-0: Called Strike 1-1: Ground out 4-3 (Groundball, 34D, EV 106.9 MPH)
|
|
Batting: RHB Josh Hopp
|
0-0: Called Strike 0-1: Ball 1-1: Foul Ball, location: 2F 1-2: Foul Ball, location: 2F 1-2: Foul Ball, location: 2F 1-2: Ground out 6-3 (Groundball, 6, EV 106.3 MPH)
|
| Bottom of the 5th over - 0 runs, 0 hits, 0 errors, 0 left on base; Pennsylvania State University 1 - Oklahoma State University 2 |
| TOP OF THE 6TH |
|
Pennsylvania State University Nittany Lions batting - Pitching for Oklahoma State University Cowboys : RHP Katsunari Hayase
|
|
Batting: LHB Tyler Francis
|
0-0: SINGLE (Flyball, 9S, EV 98.1 MPH)
|
|
Batting: RHB Brian Rogers
|
0-0: Ball 1-0: Foul Ball, location: 2F 1-1: Ball 2-1: Called Strike 2-2: Grounds into double play, 4-6-3 (Groundball, 4, EV 90.6 MPH)
|
|
Batting: RHB Tim Long
|
0-0: Called Strike 0-1: Ball 1-1: DOUBLE (Line Drive, 78XD, EV 106.3 MPH)
|
|
Pitching: RHP Jim Crooks
|
|
|
Batting: LHB Angel Oropeza
|
0-0: Fly out, F6 (Popup, P, EV 75.6 MPH)
|
| Top of the 6th over - 0 runs, 2 hits, 0 errors, 1 left on base; Pennsylvania State University 1 - Oklahoma State University 2 |
| BOTTOM OF THE 6TH |
|
Oklahoma State University Cowboys batting - Pitching for Pennsylvania State University Nittany Lions : RHP Ivan Bonilla
|
|
Batting: LHB Orlando Rivera
|
0-0: Fly out, F7 (Flyball, 78M, EV 87.5 MPH)
|
|
Batting: LHB John Fortin
|
0-0: Called Strike 0-1: Fly out, F7 (Flyball, 7, EV 79.4 MPH)
|
|
Batting: RHB Kinzo Yokoyama
|
0-0: Foul Ball, location: 2F 0-1: Ball 1-1: Ball 2-1: Foul Ball, location: 2F 2-2: Foul Ball, location: 2F 2-2: SINGLE (Groundball, 6MD, EV 96.3 MPH)
|
|
Pitching: RHP Nick Kempson
|
|
|
Batting: LHB Ian Cranton
|
0-0: Ball 1-0: Foul Ball, location: 2F 1-1: Ball 2-1: Foul Ball, location: 2F 2-2: Foul Ball, location: 2F 2-2: Foul Ball, location: 2F 2-2: SINGLE (Groundball, 6MD, EV 103.1 MPH) Kinzo Yokoyama to second Runner from 2nd tries for 3rd, OUT! 8-5
|
| Bottom of the 6th over - 0 runs, 2 hits, 0 errors, 1 left on base; Pennsylvania State University 1 - Oklahoma State University 2 |
| TOP OF THE 7TH |
|
Pennsylvania State University Nittany Lions batting - Pitching for Oklahoma State University Cowboys : RHP Jim Crooks
|
|
Batting: RHB Ethan Finke
|
0-0: Called Strike 0-1: Ball 1-1: Ball 2-1: Ball 3-1: Base on Balls
|
|
Batting: RHB Luke Vaccarino
|
0-0: Ball 1-0: Fielders Choice at 2nd, 4-6 (Groundball, 4D, EV 81.3 MPH)
|
|
Batting: RHB Ben Burkholder
|
0-0: SINGLE (Line Drive, 6MD, EV 103.1 MPH) Luke Vaccarino to second
|
|
Batting: RHB Eric Wiss
|
0-0: Ball 1-0: Foul Ball, location: 2F 1-1: Ball 2-1: Fielders Choice at 2nd, 3-6 (Groundball, 23, EV 88.1 MPH) Luke Vaccarino to third
|
|
Batting: RHB Julian Gregory
|
0-0: Ball 1-0: Called Strike 1-1: Ball 2-1: Foul Ball, location: 2F 2-2: Fly out, F5 (Popup, 5SF, EV 78.1 MPH)
|
| Top of the 7th over - 0 runs, 1 hit, 0 errors, 2 left on base; Pennsylvania State University 1 - Oklahoma State University 2 |
| BOTTOM OF THE 7TH |
|
Oklahoma State University Cowboys batting - Pitching for Pennsylvania State University Nittany Lions : RHP Nick Kempson
|
|
Batting: SHB Chris Wagler
|
0-0: Called Strike 0-1: Ball 1-1: Ball 2-1: Ball 3-1: Base on Balls
|
|
Batting: RHB Larry Clark
|
0-0: Sac Bunt to 15S - play at first, batter OUT! 1-4 Chris Wagler to second
|
|
Batting: SHB Tyler Maddux
|
0-0: Ball 1-0: Foul Ball, location: 2F 1-1: Foul Ball, location: 2F 1-2: Foul Ball, location: 2F 1-2: Ball 2-2: Strikes out looking
|
|
Batting: SHB Greg Shaw
|
0-0: Foul Ball, location: 2F 0-1: Ball 1-1: Ball 2-1: Fly out, F5 (Flyball, 5D, EV 71.9 MPH)
|
| Bottom of the 7th over - 0 runs, 0 hits, 0 errors, 1 left on base; Pennsylvania State University 1 - Oklahoma State University 2 |
| TOP OF THE 8TH |
|
Pennsylvania State University Nittany Lions batting - Pitching for Oklahoma State University Cowboys : RHP Jim Crooks
|
|
Batting: LHB Tyler Francis
|
0-0: Ball 1-0: Foul Ball, location: 2F 1-1: SOLO HOME RUN (Flyball, 89XD, EV 101.9 MPH), Distance : 435 ft
|
|
Batting: RHB Brian Rogers
|
0-0: SINGLE (Groundball, 6MD, EV 98.1 MPH)
|
|
Batting: RHB Tim Long
|
0-0: Called Strike 0-1: Ball Wild Pitch! Brian Rogers to second 1-1: Fly out, F6 (Popup, 6, EV 47.5 MPH)
|
|
Batting: LHB Angel Oropeza
|
0-0: Foul Ball, location: 2F 0-1: Foul Ball, location: 2F 0-2: Foul Ball, location: 2F 0-2: Ball 1-2: Ball 2-2: Fly out, F8 (Flyball, 8RM, EV 90.0 MPH)
|
|
Batting: RHB Ethan Finke
|
0-0: Ball 1-0: Foul Ball, location: 2F 1-1: 2-RUN HOME RUN (Flyball, 9D, EV 98.1 MPH), Distance : 389 ft
|
|
Pitching: RHP Randy Nelligan
|
|
|
Batting: RHB Luke Vaccarino
|
0-0: Called Strike 0-1: Foul Ball, location: 2F 0-2: Ball 1-2: Strikes out swinging
|
| Top of the 8th over - 3 runs, 3 hits, 0 errors, 0 left on base; Pennsylvania State University 4 - Oklahoma State University 2 |
| BOTTOM OF THE 8TH |
|
Oklahoma State University Cowboys batting - Pitching for Pennsylvania State University Nittany Lions : RHP Nick Kempson
|
|
Batting: RHB Josh Hopp
|
0-0: Ball 1-0: SINGLE (Line Drive, 4M, EV 94.4 MPH)
|
|
Batting: LHB Orlando Rivera
|
0-0: Foul Ball, location: 2F 0-1: Foul Ball, location: 2F 0-2: Ball 1-2: Strikes out looking
|
|
Batting: LHB John Fortin
|
0-0: Called Strike 0-1: Called Strike 0-2: Ball 1-2: Strikes out swinging
|
|
Batting: RHB Kinzo Yokoyama
|
0-0: Ball 1-0: Ball 2-0: Ball 3-0: Base on Balls Josh Hopp to second
|
|
Pitching: RHP Aaron Meiggs
|
|
|
Batting: LHB Ian Cranton
|
0-0: Called Strike 0-1: Foul Ball, location: 2F 0-2: Strikes out looking
|
| Bottom of the 8th over - 0 runs, 1 hit, 0 errors, 2 left on base; Pennsylvania State University 4 - Oklahoma State University 2 |
| TOP OF THE 9TH |
|
Pennsylvania State University Nittany Lions batting - Pitching for Oklahoma State University Cowboys : RHP Randy Nelligan
|
|
Batting: RHB Ben Burkholder
|
0-0: Swinging Strike 0-1: Foul Ball, location: 2F 0-2: Fly out, F9 (Line Drive, 9, EV 108.1 MPH)
|
|
Batting: RHB Eric Wiss
|
0-0: Swinging Strike 0-1: Called Strike 0-2: Ball 1-2: Ball 2-2: Foul Ball, location: 2F 2-2: Ball 3-2: SINGLE (Groundball, 6MD, EV 108.1 MPH)
|
|
Batting: RHB Julian Gregory
|
0-0: Called Strike 0-1: Ball 1-1: Swinging Strike 1-2: Strikes out swinging
|
|
Batting: LHB Tyler Francis
|
0-0: Foul Ball, location: 2F 0-1: Ball 1-1: Called Strike 1-2: Foul Ball, location: 2F 1-2: Ball 2-2: Foul Ball, location: 2F 2-2: Strikes out swinging
|
| Top of the 9th over - 0 runs, 1 hit, 0 errors, 1 left on base; Pennsylvania State University 4 - Oklahoma State University 2 |
| BOTTOM OF THE 9TH |
|
Oklahoma State University Cowboys batting - Pitching for Pennsylvania State University Nittany Lions : RHP Aaron Meiggs
|
|
Pitching: LHP Nick Burnstein
|
|
|
Batting: SHB Chris Wagler
|
0-0: Ball 1-0: SINGLE (Line Drive, 56D, EV 94.4 MPH)
|
|
Batting: RHB Larry Clark
|
0-0: Ball 1-0: Fly out, F1 (Line Drive, P, EV 68.8 MPH)
|
|
Batting: SHB Tyler Maddux
|
0-0: Ball 1-0: Fielders Choice at 2nd, 4-6 (Groundball, 4S, EV 84.4 MPH)
|
|
Pinch Hitting: RHB Steve Hutchins
|
0-0: Ground out U3 (Groundball, 3S, EV 85.6 MPH)
|
| Bottom of the 9th over - 0 runs, 1 hit, 0 errors, 1 left on base; Pennsylvania State University 4 - Oklahoma State University 2 |
|